 Dungeon Crawl Stone Soup version 0.21-a0-140-g479285b (webtiles) character file.

2600 Fernandocris the Spear-Bearer (level 9, -19/75 HPs)
             Began as a Merfolk Fighter on July 21, 2017.
             Demolished by a large abomination (27 damage)
             ... on level 2 of the Abyss.
             The game lasted 00:22:23 (8414 turns).

Fernandocris the Spear-Bearer (Merfolk Fighter)     Turns: 8414, Time: 00:22:24

Health: -19/75     AC:  9    Str: 19    XL:     9   Next: 59%
Magic:  9/9        EV:  9    Int:  7    God:
Gold:   383        SH:  0    Dex: 17    Spells: 8/8 levels left

rFire    . . .     SeeInvis .   y - +4 halberd (vamp)
rCold    + . .     Gourm    .   (shield currently unavailable)
rNeg     . . .     Faith    .   t - +0 scale mail {rC+}
rPois    .         Spirit   .   (no helmet)
rElec    .         Reflect  .   (no cloak)
rCorr    .         Harm     .   K - +2 pair of gloves {Dex+3}
MR       +....                  (no boots)
Stlth    ..........             (no amulet)
HPRegen  0.22/turn              v - ring of protection from magic
MPRegen  0.11/turn              (no ring)

@: confused, about to teleport
A: change form in water, swift swim, stealthy swim
a: no special abilities


You were on level 2 of the Abyss.
You were not hungry.

You visited 2 branches of the dungeon, and saw 8 of its levels.
You visited the Abyss 1 time.

You collected 383 gold pieces.

Inventory:

Hand Weapons
 a - a +0 trident
 f - a +1 spear of venom
 r - a +1 hand axe of electrocution
 y - a +4 vampiric halberd (weapon)
 L - a +2 halberd of distortion
Missiles
 l - 17 poisoned needles (quivered)
Armour
 b - a +0 scale mail
 c - a +0 shield
 h - a +2 chain mail of cold resistance
 t - a +0 scale mail of cold resistance (worn)
 w - a +2 pair of gloves
 B - a +1 scale mail of magic resistance
 C - a +0 plate armour
 K - a +2 pair of gloves of dexterity (worn)
Jewellery
 v - a ring of protection from magic (left hand)
 z - a +6 ring of intelligence
 G - an uncursed ring of poison resistance
 J - the ring of Xacwor {rN+ MR- Str+4 Int+3, unknown}
   (You found it on level 7 of the Dungeon)

   [ring of strength]

   It affects your strength (+4).
   It affects your intelligence (+3).
   It protects you from negative energy.
   It affects your resistance to hostile enchantments.
Wands
 d - a wand of flame (34/48)
 g - a wand of digging (3/24)
 s - a wand of random effects (26/48)
Scrolls
 e - 4 scrolls of remove curse
 j - a scroll of fog
 m - 2 scrolls of fear
 o - a scroll of random uselessness
 x - a scroll of immolation
Potions
 i - 3 potions of haste
 p - a potion of lignification {unknown}
 u - 4 potions of agility {unknown}
 A - a potion of berserk rage {unknown}
Books
 I - a book of Annihilations

   Spells                             Type                      Level
   a - Poison Arrow                   Conjuration/Poison           6
   b - Chain Lightning                Conjuration/Air              8
   c - Lehudib's Crystal Spear        Conjuration/Earth            8
   d - Glaciate                       Conjuration/Ice              9
   e - Fire Storm                     Conjuration/Fire             9
 M - Zuitu's Collected Works on Ice
   (You found it on level 7 of the Dungeon)

   Spells                             Type                      Level
   a - Throw Frost                    Conjuration/Ice              2
   b - Freezing Cloud                 Conjuration/Ice/Air          6
   c - Bolt of Cold                   Conjuration/Ice              6
   d - Ozocubu's Refrigeration        Ice                          6
Comestibles
 k - 2 fruits
 H - a bread ration


   Skills:
 + Level 8.4 Fighting
 * Level 14.0 Polearms
 - Level 2.1 Armour
 - Level 4.3 Shields


You had 8 spell levels left.
You didn't know any spells.

Dungeon Overview and Level Annotations

Branches:
Dungeon (7/15)             Temple (1/1) D:5

Altars:
Ashenzari
Cheibriados
Dithmenos
Elyvilon
Fedhas
Gozag
Hepliaklqana
Kikubaaqudgha
Makhleb
Nemelex Xobeh
Okawaru
Qazlal
Ru
Sif Muna
Trog
Vehumet
Wu Jian
Xom
Zin
The Shining One

Shops:
D:4 !

Annotations:
D:3 exclusion: downstairs


Message History

Unknown command.
You start waiting.
You feel less confused.
You see here a runed chain mail.
h - a runed chain mail
Found 48 gold pieces.
You now have 383 gold pieces (gained 48).
A small abomination comes into view.
You start waiting.
A large abomination comes into view.
As you read the scroll of teleportation, it crumbles to dust.
You feel strangely unstable.
You feel the power of the Abyss delaying your translocation!
The large abomination hits you!! x2
You are confused.
You feel invigorated. The large abomination hits you!!
* * * LOW HITPOINT WARNING * * *
A large abomination is nearby!
The large abomination hits you!!
You die...

. # #.
..#.# #.
.# . .
.# ##
#.. #
#### #
#@## .#
#.X# ..
###....#
..#### .
. . # ##
##.


You could see a large abomination.

Vanquished Creatures
  A hippogriff (D:7)
  2 orc warriors
  3 sky beasts
  A black bear (D:6)
  An eye of draining (D:7)
  2 phantoms
  A necrophage (D:7)
  An ogre (D:6)
  A centaur (D:5)
  3 bullfrogs (D:7)
  2 scorpions
  A killer bee (D:7)
  A crimson imp (D:7)
  A centaur zombie (D:7)
  A jelly (D:6)
  2 bullfrog skeletons
  3 hounds
  A gnoll shaman (D:4)
  2 orc priests (D:4)
  3 orc wizards
  Ijyb (D:2)
  3 iguanas
  3 worker ants
  A hound skeleton (D:5)
  2 worker ant zombies
  24 gnolls
  8 adders
  2 dart slugs (D:2)
  3 leopard geckos
  10 orcs
  4 giant cockroaches
  9 hobgoblins
  4 jackals (D:3)
  11 kobolds
  3 ball pythons
  15 bats
  5 frilled lizards
  A giant cockroach zombie (D:6)
  5 goblins
  6 rats
153 creatures vanquished.

Notes
Turn   | Place    | Note
-------+----------+-------------------------------------------
     0 | D:1      | Fernandocris the Merfolk Fighter began the quest for the Orb.
     0 | D:1      | Reached XP level 1. HP: 18/18 MP: 1/1
   312 | D:1      | Reached XP level 2. HP: 24/24 MP: 2/2
   896 | D:2      | Reached skill level 4 in Polearms
   896 | D:2      | Reached XP level 3. HP: 19/29 MP: 3/3
  1174 | D:2      | Found a burning altar of Makhleb.
  1437 | D:2      | Reached XP level 4. HP: 27/37 MP: 4/4
  1770 | D:2      | Reached skill level 5 in Polearms
  1826 | D:2      | Found a shattered altar of Ashenzari.
  1843 | D:2      | Found a bloodstained altar of Trog.
  1847 | D:2      | Found a shimmering altar of Xom.
  2592 | D:3      | Noticed Ijyb
  2763 | D:2      | Killed Ijyb
  2763 | D:2      | Reached XP level 5. HP: 39/42 MP: 5/5
  3020 | D:3      | Found a sparkling altar of Nemelex Xobeh.
  3143 | D:2      | Reached skill level 6 in Polearms
  4096 | D:4      | Reached XP level 6. HP: 31/49 MP: 6/6
  4315 | D:4      | Reached skill level 7 in Polearms
  4666 | D:4      | Found Oskax's Distillery.
  4748 | D:4      | Reached skill level 5 in Fighting
  4988 | D:4      | Reached skill level 8 in Polearms
  4988 | D:4      | Reached XP level 7. HP: 56/56 MP: 7/7
  5590 | D:5      | Entered Level 5 of the Dungeon
  5688 | D:5      | Reached skill level 9 in Polearms
  5906 | D:5      | Got an ichor-stained ring mail
  5907 | D:5      | Identified the +1 ring mail of the Fisher {rCorr Int+3 Dex-3 SInv} (You found it on level 5 of the Dungeon)
  5929 | D:5      | Found a bloodstained altar of Trog.
  5999 | D:5      | Found a staircase to the Ecumenical Temple.
  6010 | Temple   | Entered the Ecumenical Temple
  6703 | D:5      | Reached skill level 10 in Polearms
  6703 | D:5      | Reached XP level 8. HP: 64/64 MP: 8/8
  7154 | D:6      | Found a bloodstained altar of Trog.
  7242 | D:6      | Reached skill level 11 in Polearms
  7636 | D:6      | Found a radiant altar of Vehumet.
  7687 | D:6      | Found a snail-covered altar of Cheibriados.
  7793 | D:6      | Reached skill level 12 in Polearms
  7867 | D:6      | Reached XP level 9. HP: 72/72 MP: 9/9
  8050 | D:7      | Found a glowing silver altar of Zin.
  8107 | D:7      | Reached skill level 13 in Polearms
  8146 | D:7      | Reached skill level 14 in Polearms
  8185 | D:7      | Got a steaming tin ring
  8191 | D:7      | Identified Zuitu's Collected Works on Ice
  8212 | D:7      | Cast into level 2 of the Abyss (a distortion unwield)
  8411 | Abyss:2  | Noticed a large abomination
  8413 | Abyss:2  | HP: 3/75 [large abomination (26)]
  8414 | Abyss:2  | Demolished by a large abomination

Vault maps used:
D:1:      erik_arrival_triangle_large
D:2:      nicolae_overflow_crystal_walls, lemuel_coloured_pillars_altar,
          grunt_temple_overflow_open, first_bread
D:3:      lemuel_doored_altar, uniq_ijyb
D:4:      serial_shops, shop
D:5:      minmay_temple_entry_trees, trog_hazing_becter
D:6:      vehumet_altar_wand_db, basic_altar, trog_butcher_becter
D:7:      minmay_the_grid_octo_2x2, basic_altar
Temple:   zaba_magenta_temple

Skill      XL: |  1  2  3  4  5  6  7  8  9 |
---------------+----------------------------+-----
Polearms       | 4 5 6 8 10 12 14 | 14.0
Fighting       | 4 5 6 7 8 |  8.4
Shields        | 4 |  4.3
Armour         | |  2.1

Action                   |  1- 3 |  4- 6 |  7- 9 || total
-------------------------+-------+-------+-------++-------
Melee: Trident           |   118 |   174 |       ||   292
       Spear             |       |    56 |       ||    56
       Halberd           |       |     9 |   236 ||   245
  Use: Potion            |     1 |     2 |     4 ||     7
       Scroll            |       |     1 |    19 ||    20
  Eat: Chunk             |     1 |     3 |     2 ||     6
       Bread ration      |       |     2 |     1 ||     3
       Meat ration       |       |     1 |     1 ||     2
       Fruit             |       |       |     1 ||     1
       Royal jelly       |       |       |     2 ||     2
Armor: Scale mail        |    41 |    79 |    92 ||   212
Dodge: Dodged            |    21 |    69 |    89 ||   179
Block: Shield            |    55 |    93 |       ||   148
